 Dungeon Crawl Stone Soup version 0.28.0-43-g3370ac3207 (webtiles) character file.

Game seed: 1956071262874406842

301 funkygono the Firebug (level 6, -1/32 HPs)
             Began as a Gargoyle Fire Elementalist on Mar 7, 2022.
             Slain by Duvessa
             ... wielding a +0 short sword
              (4 damage)
             ... on level 4 of the Dungeon.
             The game lasted 00:05:51 (4036 turns).

funkygono the Firebug (Gargoyle Fire Elementalist)  Turns: 4036, Time: 00:05:55

Health: -1/32      AC:  8    Str: 11    XL:     6   Next: 37%
Magic:  0/11       EV: 12    Int: 18    God:
Gold:   118        SH:  0    Dex: 12    Spells: 1/11 levels left

rFire   . . .      SeeInvis .   l - +0 whip
rCold   . . .      Faith    .   (no shield)
rNeg    + . .      Spirit   .   a - +0 robe
rPois   ∞          Reflect  .   (no helmet)
rElec   +          Harm     .   p - +1 cloak
rCorr   .          Rampage  .   (no gloves)
Will    .....                   (no boots)
Stlth   +++.......              k - amulet of regeneration
HPRegen 0.90/turn               h - +4 ring of slaying
MPRegen 0.12/turn               (no ring)

@: no status effects
A: sickness immunity, AC +4, negative energy resistance 1, electricity
resistance, torment resistance 1, petrification resistance, camouflage 1, agile
1
a: no special abilities


You were on level 4 of the Dungeon.
You visited 1 branch of the dungeon, and saw 4 of its levels.

You collected 118 gold pieces.

Inventory:

Hand Weapons
 e - a +0 flail
 j - a +0 club
 l - a +0 whip (weapon)
Missiles
 o - 59 stones
Armour
 a - a +0 robe (worn)
 p - a +1 cloak (worn)
Jewellery
 h - a +4 ring of slaying (left hand)
 k - an amulet of regeneration (around neck)
 s - a ring of resist corrosion
Scrolls
 b - 3 scrolls of fog
 i - 2 scrolls of blinking
 m - a scroll of immolation
 q - 2 scrolls of identify
Potions
 c - a potion of invisibility
 d - a potion of brilliance
 f - 2 potions of magic
 n - a potion of haste {unknown}
 r - a potion of flight {unknown}


   Skills:
 + Level 1.7 Dodging
 - Level 2.1 Stealth
 * Level 3.3 Spellcasting
 * Level 2.7 Conjurations
 * Level 5.6 Fire Magic


You had one spell level left.
You knew the following spells:

 Your Spells              Type           Power      Damage    Failure   Level
a - Foxfire               Conj/Fire      72%        2x1d7     2%          1
b - Scorch                Fire           46%        2d7       2%          2
c - Conjure Flame         Conj/Fire      18%        6-21      9%          3
d - Flame Wave            Conj/Fire      18%        2d6       28%         4

Your spell library contained the following spells:

 Spells                   Type           Power      Damage    Failure   Level
 Animate Skeleton         Necr           6%         N/A       16%         1
 Apportation              Tloc           6%         N/A       16%         1
 Pain                     Necr           12%        1d4       16%         1
 Summon Small Mammal      Summ           12%        N/A       16%         1
 Inner Flame              Hex/Fire       13%        N/A       16%         3
 Vampiric Draining        Necr           3%         2d6       43%         3


Dungeon Overview and Level Annotations

Branches:
Dungeon (4/15)
 Temple: D:4-7

Altars:
Makhleb
Yredelemnul

Annotations:
D:4 Dowan, Duvessa


Innate Abilities, Weirdness & Mutations

You are immune to sickness and miasma.
Your stone body is resilient. (AC +4)
You are immune to poison.
You resist negative energy. (rN+)
You are resistant to electric shocks. (rElec)
You are resistant to unholy torment.
You are immune to petrification.
Your skin changes colour to match your surroundings (Stealth+).
You are agile. (Dex +2)


Message History

Confirm with . or Enter, or press ? or * to list all spells.
You conjure some foxfire!
The foxfire hits Duvessa but does no damage.
Duvessa is heavily wounded.
Your foxfire dissipates!
The foxfire hits Duvessa but does no damage.
Duvessa is heavily wounded.
Duvessa hits you with a +0 short sword! x2
Dowan gestures wildly while chanting.
Dowan blinks!
Casting: Foxfire (safe; 2% risk of failure)
Confirm with . or Enter, or press ? or * to list all spells.
You don't have enough magic to cast this spell.
Unknown command.
The foxfire hits Duvessa.
Duvessa is heavily wounded.
Duvessa hits you with a +0 short sword. Duvessa hits you with a +0 short sword.
You see here an adder corpse.
Duvessa hits you with a +0 short sword!
* * * LOW HITPOINT WARNING * * *
Duvessa hits you with a +0 short sword.
* * * LOW HITPOINT WARNING * * *
Casting: Foxfire (safe; 2% risk of failure)
Confirm with . or Enter, or press ? or * to list all spells.
You conjure some foxfire!
Duvessa hits you with a +0 short sword.
* * * LOW HITPOINT WARNING * * *
The foxfire hits Duvessa.
Duvessa is heavily wounded.
The foxfire hits Duvessa.
Duvessa is severely wounded.
Duvessa hits you with a +0 short sword.
* * * LOW HITPOINT WARNING * * *
It was a potion of mutation.
You feel extremely strange.
You feel agile.
Your skin functions as natural camouflage.
Duvessa hits you with a +0 short sword.
* * * LOW HITPOINT WARNING * * *
Duvessa hits you with a +0 short sword.
You die...

#. #.# #...#....# #. #.#
#..#... ... #. #.# #..#.##
#... #.######.#
#....###.... #........####
#.#.##......
##...##.....##
##.......... #..###......#
##..........
#.####......###†..........
#........@e......#........
###.............##.....#..
#.............##.........
#<....###............†...
#....###....##...###.....
##..## #........## .....
##.# ##.##..### ..... ###
..##.## ..... #.. ..#
.....


You could see Duvessa (fast).

Vanquished Creatures
  A black bear (D:3)
  Natasha (thrice) (D:2)
  An orc wizard (D:3)
  An adder (D:4)
  A gnoll (D:1)
  An adder skeleton (D:4)
  5 worms
  2 dart slugs
  3 orcs (D:3)
  4 ball pythons
  3 bats
  6 endoplasms
  4 giant cockroaches
  5 goblins
  9 hobgoblins
  4 jackals (D:1)
  4 kobolds
  4 quokkas
  2 frilled lizards (D:1)
  2 rats (D:2)
65 creatures vanquished.

Vanquished Creatures (others)
  242 foxfires
242 creatures vanquished.

Grand Total: 307 creatures vanquished

Notes
Turn   | Place    | Note
-------+----------+-------------------------------------------
     0 | D:1      | funkygono the Gargoyle Fire Elementalist began the quest
                  | for the Orb.
     0 | D:1      | Reached XP level 1. HP: 10/10 MP: 3/3
    85 | D:1      | Found a faded altar of an unknown god.
   198 | D:1      | Reached XP level 2. HP: 15/15 MP: 0/5
   201 | D:1      | Learned a level 2 spell: Scorch
   900 | D:1      | Reached XP level 3. HP: 19/19 MP: 4/6
   904 | D:1      | Learned a level 3 spell: Conjure Flame
  1308 | D:1      | Reached skill level 4 in Fire Magic
  1802 | D:2      | Reached XP level 4. HP: 19/24 MP: 1/7
  2363 | D:2      | Noticed Natasha
  2370 | D:2      | Killed Natasha
  2530 | D:2      | Noticed Natasha
  2542 | D:2      | Killed Natasha
  2543 | D:2      | Reached XP level 5. HP: 28/28 MP: 1/9
  2755 | D:2      | Noticed Natasha
  2760 | D:2      | Killed Natasha
  2761 | D:2      | Reached skill level 5 in Fire Magic
  2927 | D:3      | Found a basalt altar of Yredelemnul.
  3084 | D:3      | Noticed a black bear
  3094 | D:3      | Killed a black bear
  3095 | D:3      | Reached XP level 6. HP: 32/32 MP: 2/10
  3100 | D:3      | Learned a level 4 spell: Flame Wave
  3528 | D:3      | Found a burning altar of Makhleb.
  4012 | D:4      | Noticed Duvessa
  4016 | D:4      | Noticed Dowan
  4036 | D:4      | Gained mutation: You are agile. (Dex +2) [potion of
                  | mutation]
  4036 | D:4      | Gained mutation: Your skin changes colour to match your
                  | surroundings (Stealth+). [potion of mutation]
  4036 | D:4      | Slain by Duvessa

Illustrated notes

Levels and vault maps discovered:
D:1:      dpeg_arrival_fog, layout_basic, hellmonk_ecumenical_altar_lost_god,
          minmay_quantized
D:2:      layout_loops_ring, nicolae_concentric_dashed_squares_wild,
          uniq_natasha
D:3:      layout_loops_ring, bloody_makhleb, nicolae_overflow_crystal_walls
D:4:      layout_cave_pools, general_overflow_altar, uniq_duvessa,
          uniq_eustachio

Skill      XL: |  1  2  3  4  5 |
---------------+----------------+-----
Fire Magic     | 4 5 |  5.6
Conjurations   | 2 |  2.7
Spellcasting   | 3 |  3.3
Dodging        | |  1.7
Stealth        | |  2.1

Action                   |  1- 3 |  4- 6 || total
-------------------------+-------+-------++-------
Melee: Unarmed           |     1 |       ||     1
       Whip              |       |    11 ||    11
       Punch             |       |     1 ||     1
 Cast: Foxfire           |    59 |    92 ||   151
       Scorch            |     8 |    10 ||    18
  Use: Scroll            |       |     9 ||     9
       Potion            |       |     1 ||     1
Armor: Robe              |     8 |     8 ||    16
Dodge: Dodged            |    24 |     6 ||    30
